 Dungeon Crawl Stone Soup version 0.28-a0-1206-g193881aaa2 (webtiles) character file.

Game seed: 10690219125254233400

228 sanka the Cudgeller (level 5, 0/43 HPs)
             Began as a Palentonga Abyssal Knight on Dec 20, 2021.
             Was a Priest of Lugonu.
             Succumbed to a goblin's poison
             ... on level 3 of the Dungeon.
             The game lasted 00:03:52 (2947 turns).

sanka the Cudgeller (Palentonga Abyssal Knight)     Turns: 2947, Time: 00:03:53

Health: 0/43       AC:  5    Str: 19    XL:     5   Next: 71%
Magic:  6/6        EV:  9    Int: 10    God:    Lugonu [***...]
Gold:   158        SH:  0    Dex: 10    Spells: 4/4 levels left

rFire   . . .      SeeInvis +   b - +2 dagger (venom)
rCold   . . .      Faith    .   (no shield)
rNeg    . . .      Spirit   .   e - +0 leather armour
rPois   .          Reflect  .   (no helmet)
rElec   .          Harm     .   (no cloak)
rCorr   .          Rampage  .   f - +0 pair of gloves
Will    .....                   (no barding)
Stlth   +.........              (no amulet)
HPRegen 0.14/turn               (no ring)
MPRegen 0.10/turn               (no ring)

@: lethally poisoned (0 -> -23)
A: large, rugged brown scales 3, see invisible, deformed body, roll 1, armoured
tail
a: Rolling Charge, Renounce Religion, Depart the Abyss, Bend Space, Banish


You were on level 3 of the Dungeon.
You worshipped Lugonu.
Lugonu was most pleased with you.
You visited 1 branch of the dungeon, and saw 3 of its levels.
You visited the Abyss 1 time.

You collected 158 gold pieces.


Innate Abilities, Weirdness & Mutations

You are completely covered in rugged brown scales. (AC +3, +7% HP)
You have supernaturally acute eyesight. (SInv)
Armour fits poorly on your strangely shaped body.
You can roll at nearby foes to attack.
You have a long armoured tail.


   Skills:
 - Level 3.0 Fighting
 - Level 6.0 Maces & Flails
 - Level 1.5 Armour
 - Level 0.7 Dodging
 + Level 2.3 Invocations


You had 4 spell levels left.
You didn't know any spells.
Your spell library was empty.

Inventory:

Hand Weapons
 a - a +1 mace
 b - a +2 dagger of venom (weapon)
Missiles
 l - 5 javelins
Armour
 e - a +0 leather armour (worn)
 f - a +0 pair of gloves (worn)
Scrolls
 d - 2 scrolls of noise {unknown}
 g - a scroll of enchant weapon {unknown}
 j - a scroll of acquirement {unknown}
 k - a scroll of brand weapon {unknown}
 m - a scroll of identify {unknown}
Potions
 c - a potion of brilliance
 h - a potion of degeneration {unknown}
 i - 2 potions of curing {unknown}

Dungeon Overview and Level Annotations

Branches:
Dungeon (3/15)

Altars:

Annotations:
D:3 Robin

.▒
▒..............
.▒
▒..............
.▒
▒▒▒.........▒
.▒ ▒.......▒▒▒
.▒ ▒.......▒ .▒
▒▒▒▒▒..▒▒ .▒
▒▒.▒▒ ▒▒ ▒))▒
▒▒H▒ ▒)▒ ▒g▒▒
▒oo▒ ▒▒g▒▒ ▒..▒
▒g.gg....▒
▒.g▒▒▒▒[...
▒.▒..▒


You could see Robin, 2 orcs and a hobgoblin (strong).


Message History

The orc is almost dead.
You kill the orc!
Lugonu accepts your kill. The goblin hits you with a +0 dagger.
* * * LOW HITPOINT WARNING * * *
Unknown command.
You hit the goblin.
The goblin is poisoned.
The goblin is moderately wounded.
The goblin barely misses you.
The goblin hits you with a +2 dagger of venom.
* * * LOW HITPOINT WARNING * * *
You are poisoned.
You hit the goblin.
You kill the goblin!
Lugonu accepts your kill.
You feel very sick. The goblin closely misses you.
You barely miss the goblin.
You feel very sick. The goblin hits you but does no damage.
You barely miss the goblin.
You feel sick.
The goblin hits you with a +2 dagger of venom.
* * * LOW HITPOINT WARNING * * *
You are more poisoned.
You hit the goblin.
You kill the goblin!
Lugonu accepts your kill.
You die...

Action                   |  1- 3 |  4- 6 || total
-------------------------+-------+-------++-------
Melee: Mace              |    92 |       ||    92
       Tailslap          |    11 |    13 ||    24
       Dagger            |     8 |   108 ||   116
 Abil: Rolling Charge    |    19 |     6 ||    25
Armor: Leather armour    |    39 |    31 ||    70
Dodge: Dodged            |    65 |    44 ||   109

Levels and vault maps discovered:
D:1:      dpeg_arrival_lava_temple_mockup, layout_basic,
          dreamdust_ecumenical_altar_sealed_demon
D:2:      layout_loops_ring, uniq_terence, uniq_natasha
D:3:      layout_basic, gup_sewer_entry_glass, kennysheep_generic_room_7,
          uniq_robin

Notes
Turn   | Place    | Note
-------+----------+-------------------------------------------
     0 | Abyss:1  | sanka the Palentonga Abyssal Knight began the quest for the
                  | Orb.
     0 | Abyss:1  | Reached XP level 1. HP: 19/19 MP: 2/2
    82 | D:1      | Escaped the Abyss
   301 | D:1      | Reached XP level 2. HP: 25/25 MP: 3/3
   332 | D:1      | Reached skill level 3 in Maces & Flails
   359 | D:1      | Reached ** piety under Lugonu
   639 | D:1      | Reached XP level 3. HP: 20/31 MP: 4/4
   906 | D:1      | Found a faded altar of an unknown god.
  1416 | D:2      | Reached skill level 4 in Maces & Flails
  1726 | D:2      | Noticed Terence
  1744 | D:2      | Killed Terence
  1745 | D:2      | Reached XP level 4. HP: 25/37 MP: 5/5
  1889 | D:2      | Noticed Natasha
  1895 | D:2      | Killed Natasha
  1896 | D:2      | Reached skill level 5 in Maces & Flails
  1958 | D:2      | Noticed Natasha
  1963 | D:2      | Killed Natasha
  1964 | D:2      | Reached XP level 5. HP: 16/43 MP: 6/6
  2206 | D:2      | Noticed Natasha
  2212 | D:2      | Killed Natasha
  2904 | D:3      | Noticed Robin
  2913 | D:3      | Reached *** piety under Lugonu
  2923 | D:3      | Reached skill level 6 in Maces & Flails
  2947 | D:3      | Succumbed to a goblin's poison

Vanquished Creatures
  Terence (D:2)
  Natasha (thrice) (D:2)
  3 adders
  6 dart slugs
  6 orcs (D:3)
  9 ball pythons
  8 endoplasms
  3 giant cockroaches
  15 goblins
  4 hobgoblins
  2 jackals (D:2)
  8 kobolds
  8 bats
  2 frilled lizards
  6 rats
84 creatures vanquished.
